 Dungeon Crawl Stone Soup version 0.19-a0-1720-gc855d72 (webtiles) character file.

592 kae the Slasher (level 7, -2/57 HPs)
             Began as a Formicid Fighter on Sept 29, 2016.
             Slain by an adder (3 damage)
             ... on level 4 of the Dungeon.
             The game lasted 00:04:30 (3730 turns).

kae the Slasher (Formicid Fighter)                  Turns: 3730, Time: 00:04:31

Health: -2/57      AC: 14    Str: 22 (23) XL:     7   Next: 66%
Magic:  7/7        EV:  4    Int: 10 (12) God:
Gold:   305        SH:  9    Dex:  9 (10) Spells: 0 memorised, 6 levels left

rFire  + . .     SeeInvis +     a - +1 long sword
rCold  x . .     Gourm    .     i - +0 plate armour "Gyeca" {rElec} (curse)
rNeg   + . .     Faith    .     c - +0 shield
rPois  .         Spirit   .     (helmet unavailable)
rElec  +         Dismiss  .     (no cloak)
rCorr  .         Reflect  .     j - +1 pair of gloves
MR     .....     Harm     .     (no boots)
Stlth  ..........               (no amulet)
                                A - ring of fire
                                k - ring of positive energy

@: brilliant, lethally poisoned (-2 -> -2), flying
A: permanent stasis, dig shafts and tunnels, four strong arms, antennae 3
a: Dig, Shaft Self


You were on level 4 of the Dungeon.
You were very hungry.

You visited 2 branches of the dungeon, and saw 6 of its levels.

You collected 305 gold pieces.

Inventory:

Hand Weapons
 a - a +1 long sword (weapon)
Armour
 b - a +0 scale mail
 c - a +0 shield (worn)
 i - the cursed +0 plate armour "Gyeca" (worn) {rElec}
   (You found it on level 4 of the Dungeon)

   It insulates you from electricity.
   It has a curse placed upon it.
 j - a +1 pair of gloves (worn)
Jewellery
 k - a ring of positive energy (left hand)
 A - a ring of fire (right hand)
Wands
 r - a wand of iceblast (4/15)
Scrolls
 h - 2 scrolls of magic mapping
 m - a scroll of immolation
 u - 3 scrolls of enchant weapon
Potions
 d - a potion of might
 e - 3 potions of mutation
 n - a potion of lignification
 o - a potion of haste
 p - 2 potions of agility
 x - a potion of cancellation
Books
 t - a book of Burglary

   Spells                             Type                      Level
   a - Swiftness                      Charms/Air                   2
   b - Passwall                       Transmutation/Earth          2
   c - Passage of Golubria            Translocation                4
   d - Lee's Rapid Deconstruction     Earth                        5
   e - Darkness                       Hexes                        6
   f - Invisibility                   Hexes                        6
Comestibles
 f - 4 bread rations
 l - 4 meat rations
 q - 4 fruits
 z - a beef jerky


   Skills:
 + Level 5.8 Fighting
 * Level 6.6 Long Blades
 - Level 3.2 Armour
 - Level 3.6 Shields


You had 6 spell levels left.
You didn't know any spells.

Dungeon Overview and Level Annotations

Branches:
Dungeon (5/15)             Temple (1/1) D:4

Altars:
Cheibriados
Fedhas
Gozag
Nemelex Xobeh
Okawaru
Trog
Vehumet
Xom
Yredelemnul
Zin

Shops:
D:4 :

Annotations:
D:5 Prince Ribbit, Sigmund


Innate Abilities, Weirdness & Mutations

You are under a permanent stasis effect.
You can dig through walls and to a lower floor.
Your four strong arms can wield two-handed weapons with a shield.
You have a pair of large antennae on your head. (SInv)


Message History

You feel very buoyant.
You fly up into the air.
* * * LOW HITPOINT WARNING * * *
You feel sick. You block the adder's attack.
Okay, then.
Unknown command.
You hit the adder but do no damage.
The adder is moderately wounded.
The adder bites you but does no damage.
You miss the adder.
The adder is moderately wounded.
You block the adder's attack. The adder bites you but does no damage.
You hit the adder.
The adder is severely wounded.
The adder bites you but does no damage.
You miss the adder.
The adder is severely wounded.
* * * LOW HITPOINT WARNING * * *
You feel sick. The adder bites you.
You die...

§# ###..)......... ##########
#.#.......##. (........##
#.#.∩....###. #######...##
#.#.#...## #. #
##.....##########.#.##.## #.
# #.........>....>..#.##.# #.
#
##.....#######......#..#####.
# ##...## ##S............##.
# ##.## #@#......#.###.##. #
### ####...#.#.###.##. #
###.#..#.#...#. #
#...###...... # ###..#.#..[##
# ###.#....)... #...#####.##.
#.### #..... #.# #..##.


You could see an adder.

Vanquished Creatures
  An ice beast (D:4)
  An ogre (D:4)
  A hound (D:4)
  2 orc priests (D:4)
  3 orc wizards (D:4)
  A worker ant (D:4)
  A hound skeleton (D:4)
  A gnoll (D:1)
  7 adders
  2 oozes
  2 adder skeletons (D:4)
  A worm (D:3)
  2 dart slugs
  3 leopard geckos
  10 orcs
  A ball python (D:2)
  5 giant cockroaches
  8 goblins
  13 hobgoblins
  8 jackals
  9 kobolds
  3 quokkas
  5 bats
  6 frilled lizards
  A quokka skeleton (D:4)
  11 rats
108 creatures vanquished.

Notes
Turn   | Place    | Note
-------+----------+-------------------------------------------
     0 | D:1      | kae the Formicid Fighter began the quest for the Orb.
     0 | D:1      | Reached XP level 1. HP: 18/18 MP: 1/1
     8 | D:1      | Reached XP level 2. HP: 18/24 MP: 2/2
   240 | D:1      | Reached XP level 3. HP: 29/29 MP: 3/3
   269 | D:1      | Reached skill level 3 in Long Blades
   772 | D:2      | Reached XP level 4. HP: 35/37 MP: 4/4
  1252 | D:2      | Found an iron altar of Okawaru.
  1285 | D:2      | Reached skill level 4 in Long Blades
  1437 | D:3      | Reached XP level 5. HP: 42/42 MP: 5/5
  1457 | D:3      | Found a shimmering altar of Xom.
  2531 | D:4      | Found Saylywotz's Book Boutique.
  2537 | D:4      | Noticed an ogre
  2547 | D:4      | Killed an ogre
  2547 | D:4      | Reached skill level 5 in Fighting
  2547 | D:4      | Reached skill level 5 in Long Blades
  2547 | D:4      | Reached XP level 6. HP: 36/51 MP: 6/6
  2878 | D:4      | Got a faintly glowing plate armour
  2889 | D:4      | Identified the cursed +0 plate armour "Gyeca" {rElec} (You found it on level 4 of the Dungeon)
  2969 | D:4      | Reached XP level 7. HP: 38/56 MP: 7/7
  3224 | D:4      | Reached skill level 6 in Long Blades
  3238 | D:4      | Found a staircase to the Ecumenical Temple.
  3252 | Temple   | Entered the Ecumenical Temple
  3508 | D:4      | Found a sparkling altar of Nemelex Xobeh.
  3687 | D:5      | Entered Level 5 of the Dungeon
  3697 | D:5      | Noticed Prince Ribbit
  3699 | D:5      | Noticed Sigmund
  3720 | D:4      | HP: 3/85 [adder (3)]
  3726 | D:4      | HP: 1/57 [poisoned by an adder]
  3730 | D:4      | Slain by an adder

Vault maps used:
D:1:      dpeg_arrival_tiny_d
D:2:      okawaru_trees_2
D:3:      lemuel_tele_altar
D:4:      first_bread, serial_shops, shop, nemelex_diamond_rough_becter
D:5:      nicolae_overflow_hidden_temple, lemuel_crystal_altar,
          hangedman_ru_absence, nicolae_ossuary_entry_giza,
          grunt_decor_arrowhead, uniq_duvessa, uniq_sigmund, uniq_menkaure,
          uniq_prince_ribbit1
Temple:   jpeg_temple_island

Skill      XL: |  1  2  3  4  5  6  7 |
---------------+----------------------+-----
Long Blades    | 3 4 5 6 |  6.6
Fighting       | 4 5 |  5.8
Armour         | |  3.2
Shields        | |  3.6

Action                   |  1- 3 |  4- 6 |  7- 9 || total
-------------------------+-------+-------+-------++-------
Melee: Long sword        |    94 |   272 |    85 ||   451
 Abil: Dig               |       |     1 |     1 ||     2
  Use: Scroll            |       |     9 |     1 ||    10
       Potion            |       |       |     7 ||     7
  Eat: Chunk             |       |     7 |     2 ||     9
Armor: Scale mail        |    41 |   125 |       ||   166
       Plate armour      |       |     8 |    53 ||    61
       Skin              |       |       |     2 ||     2
Dodge: Dodged            |    24 |    68 |    13 ||   105
Block: Shield            |    42 |   113 |    43 ||   198
